 Dungeon Crawl Stone Soup version 0.29.1 (webtiles) character file.

Game seed: 8496697865244305177

1050 blackman the Grappler (level 8, -3/64 (70) HPs)
             Began as a Troll Warper on Sept 12, 2022.
             Slain by a gnoll
             ... wielding a +2 flail of draining
             ... led by a gnoll sergeant
              (12 damage)
             ... on level 6 of the Dungeon.
             The game lasted 00:11:09 (4475 turns).

blackman the Grappler (Troll Warper)                Turns: 4475, Time: 00:11:10

HP:   -3/64 (70)    AC:  4    Str: 20    XL:     8   Next: 5%
MP:   8/8           EV:  9    Int: 11    God:
Gold: 269           SH:  0    Dex:  9    Spells: 9/9 levels left

rFire   . . .      SeeInvis .     - Unarmed
rCold   . . .      Faith    .   (no shield)
rNeg    . . .      Spirit   .   a - +0 robe
rPois   .          Reflect  .   (helmet restricted)
rElec   .          Harm     .   (no cloak)
rCorr   .          Rampage  .   (gloves unavailable)
Will    +....                   (boots unavailable)
Stlth   +.........              (no amulet)
HPRegen 1.00/turn               m - ring of willpower
MPRegen 0.11/turn               (no ring)

@: drained
A: large, unfitting armour, claws 3, regeneration 1, shaggy fur 1, tough skin 1
a: no special abilities


You were on level 6 of the Dungeon.
You visited 1 branch of the dungeon, and saw 6 of its levels.

You collected 269 gold pieces.

Inventory:

Missiles
 c - a boomerang of dispersal (quivered)
Armour
 a - a +0 robe (worn)
Jewellery
 m - a ring of willpower (left claw)
Wands
 v - a wand of digging (3)
 y - a wand of polymorph (6)
Scrolls
 b - a scroll of blinking
 e - 3 scrolls of identify {unknown}
 f - 2 scrolls of butterflies {unknown}
 g - 3 scrolls of enchant weapon {unknown}
 h - 3 scrolls of teleportation {unknown}
 k - a scroll of summoning {unknown}
 n - a scroll of torment {unknown}
 p - 2 scrolls of noise {unknown}
 r - 2 scrolls of fear {unknown}
 t - a scroll of poison {unknown}
 z - a scroll of vulnerability {unknown}
 A - a scroll of enchant armour {unknown}
Potions
 d - 3 potions of curing {unknown}
 i - a potion of mutation {unknown}
 j - 3 potions of flight {unknown}
 l - a potion of attraction {unknown}
 o - a potion of berserk rage {unknown}
 s - 2 potions of resistance {unknown}
 u - 3 potions of degeneration {unknown}
 x - a potion of brilliance {unknown}
 B - a potion of lignification {unknown}


   Skills:
 - Level 1.5 Fighting
 - Level 0.8 Throwing
 - Level 1.9 Dodging
 + Level 9.6 Unarmed Combat
 - Level 1.2 Spellcasting
 - Level 2.1 Translocations


You had 9 spell levels left.
You didn't know any spells.
Your spell library contained the following spells:

 Spells                   Type           Power      Damage    Failure   Level
 Blink                    Tloc           10%        N/A       19%         2
 Slow                     Hex            0%         N/A       32%         1
 Gell's Gravitas          Tloc           5%         N/A       36%         3
 Lesser Beckoning         Tloc           5%         N/A       36%         3
 Teleport Other           Tloc           5%         N/A       36%         3
 Confusing Touch          Hex            0%         N/A       67%         3
 Vampiric Draining        Necr           0%         2d6       67%         3
 Manifold Assault         Tloc           5%         N/A       98%         5
 Malign Gateway           Summ/Tloc      1%         N/A       100%        7
 Summon Horrible Things   Summ           0%         N/A       100%        8


Dungeon Overview and Level Annotations

Branches:
Dungeon (6/15)
 Temple: D:4-7

Altars:
Okawaru

Shops:
D:2 =   D:3 [


Innate Abilities, Weirdness & Mutations

You are too large for most types of armour.
You have claws for hands.
Your natural rate of healing is unusually fast.
You are covered in fur. (AC +1)
You have tough skin. (AC +1)


Message History

The gnoll sergeant is moderately wounded.
The gnoll sergeant barely misses you.
You claw the gnoll sergeant!
The gnoll sergeant is almost dead.
The gnoll hits you but does no damage. The gnoll hits you with a +0 club!
The gnoll barely misses you. The gnoll hits you with a +0 spear.
The gnoll closely misses you. The gnoll sergeant barely misses you.
There is an open door, spattered with blood here.
You see here 2 poisoned darts.
The gnoll sergeant blocks your attack.
The gnoll sergeant is almost dead.
The gnoll sergeant looks more healthy.
The gnoll hits you but does no damage. The gnoll hits you with a +0 spear!
The gnoll hits you with a +2 flail of draining.
You feel drained.
The gnoll sergeant hits you with a +0 spear.
The gnoll barely misses you. The gnoll attacks as you move away!
The gnoll hits you with a +0 club. The gnoll attacks as you move away!
The gnoll hits you with a +2 flail of draining.
You feel drained. The gnoll barely misses you.
The gnoll sergeant hits you with a +0 spear!
You barely miss the gnoll sergeant.
The gnoll sergeant is almost dead.
The gnoll looks more healthy.
The gnoll hits you with a +2 flail of draining!
You feel drained.
* * * LOW HITPOINT WARNING * * *
The gnoll barely misses you.
The gnoll sergeant hits you but does no damage.
The gnoll attacks as you move away!
The gnoll hits you with a +2 flail of draining!
* * * LOW HITPOINT WARNING * * *
You feel drained.
* * * LOW HITPOINT WARNING * * *
The gnoll sergeant completely misses you.
There is a stone staircase leading up, spattered with blood here.
The gnoll hits you with a +2 flail of draining!
You die...

.(.).g........#
...gg.g....(..# #.#
#.# ##
#######.####.##.##
.................#
.............(g..#
##.######+####g#####
# ##.###ggg#..#
#.......@...#
+...........#
#...##.....##
##..##......####
#..........#..##
#..##..........# ##
#...........#
#.#######..######
##.....##..##...#


You could see a gnoll sergeant and 4 gnolls.

Vanquished Creatures
  A steam dragon (D:4)
  3 ice beasts
  An ogre (D:5)
  2 scorpions
  A jelly (D:3)
  3 hounds (D:5)
  An orc priest (D:4)
  Ijyb (D:5)
  2 orc wizards
  Robin (D:3)
  7 adders
  A gnoll (D:6)
  A worm (D:3)
  2 dart slugs
  13 orcs
  10 endoplasms
  3 giant cockroaches
  17 goblins
  8 hobgoblins
  7 jackals
  6 quokkas
  8 ball pythons
  7 bats
  2 frilled lizards
  8 kobolds
  9 rats
125 creatures vanquished.

Notes
Turn   | Place    | Note
-------+----------+-------------------------------------------
     0 | D:1      | blackman the Troll Warper began the quest for the Orb.
     0 | D:1      | Reached XP level 1. HP: 19/19 MP: 1/1
   121 | D:1      | Reached XP level 2. HP: 27/27 MP: 2/2
   147 | D:1      | Reached skill level 3 in Unarmed Combat
   357 | D:1      | Found a faded altar of an unknown god.
   531 | D:2      | Reached XP level 3. HP: 33/33 MP: 3/3
   612 | D:2      | Found Gemnul's One-of-a-Kind Rings.
   789 | D:2      | Reached skill level 4 in Unarmed Combat
   924 | D:2      | Reached XP level 4. HP: 41/41 MP: 4/4
  1141 | D:3      | Noticed Robin
  1392 | D:3      | Killed Robin
  1460 | D:3      | Reached skill level 5 in Unarmed Combat
  1480 | D:3      | Reached XP level 5. HP: 48/48 MP: 5/5
  1551 | D:3      | Found Zuurac's Antique Armour Shoppe.
  1596 | D:3      | Noticed an ice beast
  1617 | D:3      | Killed an ice beast
  1618 | D:3      | Reached skill level 6 in Unarmed Combat
  1748 | D:3      | Identified the +8 chain mail of Faufio Deixt {+Inv rF+}
  1755 | D:3      | Reached XP level 6. HP: 24/55 MP: 6/6
  2569 | D:4      | Noticed a steam dragon
  2576 | D:4      | Killed a steam dragon
  2577 | D:4      | Reached skill level 7 in Unarmed Combat
  2950 | D:4      | Reached XP level 7. HP: 62/62 MP: 7/7
  3277 | D:5      | Entered Level 5 of the Dungeon
  3362 | D:5      | Reached skill level 8 in Unarmed Combat
  3483 | D:5      | Noticed Ijyb
  3502 | D:5      | Killed Ijyb
  3779 | D:5      | Reached skill level 9 in Unarmed Combat
  3978 | D:5      | Found an iron altar of Okawaru.
  4224 | D:6      | Reached XP level 8. HP: 43/70 MP: 8/8
  4475 | D:6      | Slain by a gnoll

Illustrated notes

Levels and vault maps discovered:
D:1:      dpeg_arrival_rooms_with_view, layout_basic,
          shapermc_ecumenical_altar_notcrosses, minmay_fountain_box
D:2:      layout_basic, serial_forest, infiniplex_forest_straight_2,
          infiniplex_forest_end_double, infiniplex_forest_straight_4,
          infiniplex_forest_straight_2, infiniplex_forest_lined_corner,
          infiniplex_forest_clump_tiny, infiniplex_forest_lined_room_,
          grunt_decor_cap, hangedman_abyss_or_decor_lesser_grid,
          kennysheep_path_1, nicolae_shop_unique_rings, amethyst_killhole
D:3:      layout_basic, serial_shops, shop, amcnicky_mini_rare_corridor_liquid,
          dk_noncrumbling_2, st_stairs_1, minmay_close_crescents, uniq_robin
D:4:      layout_loops_corners
D:5:      layout_loops_cross, overflow_temple_1_default, uniq_ijyb
D:6:      layout_gridville, minmay_temple_entry_grid, uniq_eustachio,
          uniq_blork_the_orc, uniq_prince_ribbit1

Skill      XL: |  1  2  3  4  5  6  7 |
---------------+----------------------+-----
Unarmed Combat | 3 4 5 6 7 9 |  9.6
Fighting       | |  1.5
Throwing       | |  0.8
Dodging        | |  1.9
Spellcasting   | |  1.2
Translocations | |  2.1

Action                   |  1- 3 |  4- 6 |  7- 9 || total
-------------------------+-------+-------+-------++-------
Melee: Unarmed           |   115 |   140 |    78 ||   333
       Punch             |     1 |     3 |     2 ||     6
Throw: Boomerang         |       |     5 |     1 ||     6
       Javelin           |       |       |     7 ||     7
       Dart              |       |       |     5 ||     5
  Use: Potion            |       |     2 |       ||     2
 Stab: Sleeping          |     1 |       |     1 ||     2
       Invisible         |       |     2 |       ||     2
       Distracted        |       |     1 |       ||     1
Armor: Robe              |    48 |    48 |    12 ||   108
       Skin              |       |       |     2 ||     2
Dodge: Dodged            |    59 |    85 |    35 ||   179
